Map: Winter's Gate LE

Players

Mez

  • Race: Terran Terran
  • League: Master
  • Spawn Location: 5:00

Argentum - Winner!

  • Race: Protoss Protoss
  • League: Master
  • Spawn Location: 11:00

VOD

Have the link to the VOD?

Description

Time

  • Played on: Aug. 31, 2019, 2:44 a.m.
  • Length: 6:52
Show
View Real Time Build Order
Export as new Build Order

Mez Terran 

Build Orders: Reaper Expand 

Get SALT Encoding   

  12  0:00  SCV  
  13  0:13  SCV  
  14  0:17  Supply Depot  
  14  0:25  SCV  
  15  0:39  Barracks, SCV  
  16  0:44  Refinery  
  16  0:51  SCV  
  17  1:03  SCV  
  18  1:18  SCV  
  19  1:28  Reaper  
  19  1:30  Orbital Command  
  20  1:40  Command Center  
  20  1:49  Bunker  
  20  1:56  SCV  
  20  1:58  Supply Depot  
  20  2:01  Marine  
  22  2:08  SCV  
  23  2:20  Barracks Reactor, SCV  
  24  2:37  Command Center  
  24  2:41  Factory  
  24  2:44  SCV  
  25  2:53  Orbital Command  
  25  2:57  Marine x2  
  27  3:03  Refinery  
  27  3:04  SCV  
  28  3:14  Marine  
  28  3:15  Marine  
  28  3:16  SCV  
  30  3:27  Widow Mine  
  30  3:29  Starport  
  30  3:31  SCV  
  33  3:35  SCV  
  33  3:36  Marine x2  
  36  3:43  SCV  
  36  3:47  SCV  
  38  3:51  Orbital Command  
  38  3:53  Refinery  
  38  3:54  Widow Mine, Marine  
  38  3:55  Marine  
  42  4:00  SCV  
  42  4:01  SCV  
  44  4:07  Starport Tech Lab  
  44  4:13  Supply Depot, SCV x2  
  44  4:15  Marine x2  
  48  4:17  Factory Tech Lab  
  48  4:20  SCV  
  49  4:25  Barracks, SCV  
  49  4:27  Raven  
  52  4:31  SCV  
  52  4:32  SCV  
  52  4:35  Marine  
  52  4:36  Marine  
  56  4:41  Siege Tank  
  56  4:43  SCV x2  
  61  4:50  Supply Depot  
  61  4:52  SCV  
  62  4:55  SCV  
  62  4:56  Barracks, Marine x2  
  65  5:00  SCV  
  65  5:01  Refinery  
  65  5:04  SCV  
  67  5:17  Orbital Command  
  67  5:18  Siege Tank  
  70  5:22  Starport Reactor  
  70  5:25  SCV x2  
  72  5:33  Engineering Bay x2  
  72  5:36  Barracks  
  72  5:37  Supply Depot  
  72  5:38  Marine x2  
  72  5:39  Marauder, Barracks  
  76  5:45  SCV  
  77  5:53  Supply Depot  
  77  5:58  Marauder, SCV x2, Marine x2  
  77  6:00  Marauder  
  77  6:01  Factory Reactor  
  85  6:14  Medivac x2, SCV x3  
  92  6:18  Supply Depot  
  92  6:24  Supply Depot  
  92  6:26  SCV  
  92  6:29  SCV  
  84  6:34  Marine x3  
Show
View Real Time Build Order
Export as new Build Order

Argentum Protoss - Winner!

Build Orders: 1 Gate Expand 

Get SALT Encoding   

  12  0:01  Probe  
  13  0:13  Pylon  
  13  0:15  Probe  
  14  0:23  Probe  
  15  0:32  Probe  
  16  0:39  Gateway  
  16  0:45  Probe  
  16  0:49  Assimilator  
  18  0:57  Probe  
  18  1:09  Probe  
  19  1:27  Nexus  
  19  1:33  Cybernetics Core  
  19  1:42  Pylon  
  19  1:44  Probe  
  20  1:56  Probe, Assimilator  
  20  2:00  Stalker  
  21  2:08  Probe  
  21  2:12  Shield Battery  
  24  2:18  Warp Gate  
  24  2:21  Probe  
  25  2:26  Forge  
  25  2:33  Probe  
  26  2:39  Adept  
  28  2:44  Robotics Facility  
  28  2:55  Probe x2  
  30  3:03  Photon Cannon  
  30  3:12  Protoss Ground Armor Level 1  
  30  3:13  Twilight Council  
  30  3:19  Probe  
  31  3:22  Pylon  
  31  3:27  Probe  
  31  3:30  Charge  
  32  3:38  Warp Prism  
  34  3:45  Probe x2  
  36  3:57  Photon Cannon  
  36  4:01  Pylon  
  36  4:07  Probe  
  36  4:08  Probe  
  38  4:11  Zealot  
  40  4:23  Gateway  
  40  4:25  Gateway  
  40  4:28  Gateway  
  40  4:32  Gateway  
  40  4:40  Gateway  
  40  4:43  Gateway  
  40  4:46  Pylon  
  40  4:53  Zealot  
  42  5:15  Warp Prism  
  42  5:20  Stalker  
  44  5:27  Zealot x2  
  44  5:28  Zealot x3  
  44  5:32  Assimilator  
  44  5:33  Assimilator  
  44  5:38  Zealot x2  
  48  5:48  Probe x2  
  48  5:49  Zealot  
  52  5:50  Zealot x4  
  60  6:06  Nexus  
  60  6:15  Pylon  
  60  6:16  Zealot x5  
  64  6:35  Zealot x2  
  64  6:36  Zealot x4  
  72  6:49  Zealot  
Tags
 
Add a new tag
Caveats
  • Supply blocks, unpowered buildings, or Contaminate may cause inaccurate times.
  • Supply counts are checked every 10 seconds.